 Dungeon Sprint DCSS version 0.30.1 (webtiles) character file.

Game seed: 2342806181111809054

15344 boopmooplesden the Pulveriser (level 12, 0/130 HPs)
             Began as a Minotaur Gladiator on July 8, 2023.
             Was the Champion of Trog.
             Constricted to death by a nagaraja (4 damage)
             ... in the Dungeon (Sprint VII: "The Pits").
             The game lasted 00:06:10 (2850 turns).

boopmooplesden the Pulveriser (Minotaur Gladiator)  Turns: 2850, Time: 00:06:12

Health: 0/130      AC: 26    Str: 23    XL:     12   Next: 0%
Magic:  11/11      EV:  9    Int:  5    God:    Trog [******]
Gold:   70         SH:  0    Dex: 13    Spells: 11/11 levels left

rFire   . . .        y - +2 lajatang (heavy)
rCold   . . .        (shield currently unavailable)
rNeg    . . .        u - +5 plate armour
rPois   .            c - +0 hat
rElec   .            v - +0 cloak
rCorr   .            (no gloves)
SInv    .            w - +0 pair of boots
Will    .....        (no amulet) Stlth
                     (no ring)
HPRegen 0.41/turn    (no ring)
MPRegen 0.12/turn

%: no teleportation
@: lethally poisoned (0 -> -19), constricted
A: horns 2, retaliatory headbutt
a: Renounce Religion, Berserk, Trog's Hand, Brothers in Arms


You were in the Dungeon.
You worshipped Trog.
Trog was exalted by your worship.
You visited 1 branch You collected 70 gold pieces.

Inventory:

Hand Weapons
 a - a +0 quarterstaff
 l - a +2 quarterstaff
 q - a +0 quarterstaff of protection
 r - a +6 quarterstaff of flaming
 x - a +4 quarterstaff of speed
 y - a +2 heavy lajatang (weapon)
Missiles
 d - a throwing net (quivered)
 e - a javelin
Armour
 b - a +0 leather armour
 c - a +0 hat (worn)
 p - a +3 chain mail
 u - a +5 plate armour (worn)
 v - a +0 cloak (worn)
 w - a +0 pair of boots (worn)
Jewellery
 s - a +3 ring of protection
 t - a +3 ring of intelligence
 z - a ring of see invisible
 A - a ring of willpower
 B - a +6 ring of dexterity
Scrolls
 k - a scroll of blinking
 n - 5 scrolls of amnesia
 o - a scroll of summoning
 C - 2 scrolls of enchant weapon
 D - 2 scrolls of fear
 E - 2 scrolls of fog
 F - 2 scrolls of enchant armour
 G - a scroll of identify
Potions
 f - 6 potions of curing
 g - 11 potions of heal wounds
 h - 3 potions of haste
 i - 4 potions of magic
 j - 5 potions of berserk rage
 m - 2 potions of invisibility


   Skills:
 + Level 19.5 Fighting
 + Level 21.1 Staves
 + Level 4.9 Throwing
 + Level 17.3 Armour
 + Level 11.7 Dodging
 + Level 4.5 Stealth


You had 11 spell levels left.
You didn't know any spells.
Your spell library was empty.

Dungeon Overview and Level Annotations

Branches:
Dungeon (1/1)

Altars:
Cheibriados
Dithmenos
Elyvilon
Fedhas
Gozag
Hepliaklqana
Makhleb
Nemelex Xobeh
Okawaru
Qazlal
Ru
Sif Muna
Trog
Vehumet
Wu Jian
Xom
Yredelemnul
Zin
The Shining One
Jiyva
Lugonu


Innate Abilities, Weirdness & Mutations

You have a pair of horns on your head.
You reflexively headbutt those who attack you in melee.


Message History

The nagaraja is heavily wounded.
You feel very sick. The nagaraja spits poison at you.
The splash of poison hits you but does no damage.
You are more poisoned.
You slice the nagaraja!!
You headbutt the nagaraja, but do no damage.
The nagaraja is severely wounded.
You feel very sick.
The nagaraja points at you and mumbles some strange words.
The poison arrow hits you!!!
You are more poisoned.
You barely miss the nagaraja.
The nagaraja is severely wounded.
You feel extremely sick.
The nagaraja mumbles some strange words.
The nagaraja seems to speed up.
You closely miss the nagaraja.
The nagaraja is severely wounded.
You feel extremely sick. The nagaraja hits you with a +0 flail!
* * * LOW HITPOINT WARNING * * *
The nagaraja grabs you. The nagaraja constricts you.
* * * LOW HITPOINT WARNING * * *
You feel better. The nagaraja hits you with a +0 flail.
* * * LOW HITPOINT WARNING * * *
The nagaraja constricts you. The nagaraja casts a spell at you.
The poison arrow hits you.
You are lethally poisoned!
* * * LOW HITPOINT WARNING * * *
The nagaraja constricts you.
* * * LOW HITPOINT WARNING * * *
The nagaraja's grasp on you weakens, but your attempt to escape fails.
* * * LOW HITPOINT WARNING * * *
You feel very sick. The nagaraja hits you with a +0 flail.
* * * LOW HITPOINT WARNING * * *
The nagaraja constricts you.
You die...

#++##########
#............
#..N.........
#.@########## #..#
#..# ###### #..#
.##..# #..# .##..#
#..# .''..# #..#
.')†)##########..#
.##.†........))..#


You could see a nagaraja (fast).

Vanquished Creatures
  A ghost moth (D)
  Erolcha (D)
  A two-headed ogre (D)
  An orc high priest (D)
  A shadow wraith (D)
  A deep troll (D)
  A bog body (D)
  A cyclops (D)
  3 orc sorcerers (D)
  6 elephants (D)
  A merfolk siren (D)
  An eye of devastation (D)
  2 unseen horrors (D)
  An ice devil (D)
  A troll (D)
  A tyrant leech (D)
  A polar bear (D)
  Grinder (D)
  A tarantella (D)
  5 dream sheep (D)
  A flying skull (D)
  2 shadows (D)
  2 ynoxinuls (D)
  A spriggan (D)
  Grum (D)
  A basilisk (D)
  A steam dragon (D)
  A warg (D)
  A swamp drake (D)
  2 orc warriors (D)
  A sky beast (D)
  A black bear (D)
  An ogre (D)
  8 wolves (D)
  2 centaurs (D)
  A phantom (D)
  3 necrophages (D)
  A gnoll sergeant (D)
  4 killer bees (D)
  A quasit (D)
  A gnoll bouda (D)
  An iguana (D)
  An orc priest (D)
  2 hounds (D)
  An orc wizard (D)
  5 gnolls (D)
  An adder skeleton (D)
  7 orcs (D)
  A hobgoblin (D)
  2 jackals (D)
  A quokka (D)
  A ball python (D)
  A ball python skeleton (D)
  A frilled lizard (D)
  2 goblins (D)
  A quokka skeleton (D)
97 creatures vanquished.

Vanquished Creatures (collateral kills)
  An emperor scorpion (D)
  A jelly (D)
2 creatures vanquished.

Grand Total: 99 creatures vanquished

Notes
Turn   | Place    | Note
-------+----------+-------------------------------------------
     0 | D        | boopmooplesden the Minotaur Gladiator began the quest for
                  | the Orb.
     0 | D        | Reached XP level 1. HP: 18/18 MP: 0/0
    38 | D        | Found a bloodstained altar of Trog.
    38 | D        | Found a shimmering blue altar of Sif Muna.
    38 | D        | Found a viscous altar of Jiyva.
    38 | D        | Found a hazy altar of Hepliaklqana.
    38 | D        | Found an opulent altar of Gozag.
    39 | D        | Found a glowing golden altar of the Shining One.
    39 | D        | Found a glowing silver altar of Zin.
    39 | D        | Found a basalt altar of Yredelemnul.
    39 | D        | Found a shimmering altar of Xom.
    39 | D        | Found an ornate altar of the Wu Jian Council.
    39 | D        | Found a sacrificial altar of Ru.
    39 | D        | Found a stormy altar of Qazlal.
    39 | D        | Found an iron altar of Okawaru.
    39 | D        | Found a sparkling altar of Nemelex Xobeh.
    39 | D        | Found a burning altar of Makhleb.
    39 | D        | Found a blossoming altar of Fedhas.
    39 | D        | Found a white marble altar of Elyvilon.
    39 | D        | Found a shadowy altar of Dithmenos.
    39 | D        | Found a snail-covered altar of Cheibriados.
    41 | D        | Found a corrupted altar of Lugonu.
    41 | D        | Found a radiant altar of Vehumet.
    42 | D        | Became a worshipper of Trog the Wrathful
    53 | D        | Reached skill level 4 in Staves
    78 | D        | Reached * piety under Trog
    79 | D        | Reached skill level 1 in Armour
    79 | D        | Reached XP level 2. HP: 11/25 MP: 1/1
    80 | D        | Reached skill level 5 in Staves
   311 | D        | Noticed a phantom
   317 | D        | Reached ** piety under Trog
   320 | D        | Killed a phantom
   321 | D        | Reached skill level 7 in Staves
   321 | D        | Reached XP level 3. HP: 33/33 MP: 2/2
   321 | D        | Reached XP level 4. HP: 40/40 MP: 3/3
   398 | D        | Noticed a gnoll sergeant
   398 | D        | Noticed a sky beast
   399 | D        | Noticed an ogre
   411 | D        | Killed an ogre
   412 | D        | Reached skill level 5 in Fighting
   412 | D        | Reached skill level 8 in Staves
   412 | D        | Reached XP level 5. HP: 32/48 MP: 4/4
   426 | D        | Reached *** piety under Trog
   427 | D        | Reached skill level 9 in Staves
   427 | D        | Reached skill level 1 in Stealth
   434 | D        | Reached skill level 10 in Staves
   436 | D        | Reached XP level 6. HP: 27/57 MP: 5/5
   443 | D        | Reached **** piety under Trog
   452 | D        | Killed a sky beast
   453 | D        | Reached skill level 5 in Armour
   476 | D        | Reached skill level 11 in Staves
   478 | D        | Reached ***** piety under Trog
   536 | D        | Reached XP level 7. HP: 67/67 MP: 6/6
   538 | D        | Noticed a shadow
   544 | D        | Killed a shadow
   545 | D        | Reached skill level 12 in Staves
   795 | D        | Noticed a flying skull
   806 | D        | Killed a flying skull
   807 | D        | Reached skill level 13 in Staves
   854 | D        | Noticed a merfolk siren
   862 | D        | Reached XP level 8. HP: 78/78 MP: 7/7
   864 | D        | Killed a merfolk siren
   864 | D        | Received a gift from Trog
   865 | D        | Reached skill level 10 in Fighting
   865 | D        | Reached skill level 14 in Staves
  1054 | D        | Reached ****** piety under Trog
  1059 | D        | Noticed a two-headed ogre
  1065 | D        | Killed a two-headed ogre
  1066 | D        | Reached skill level 15 in Staves
  1066 | D        | Reached skill level 10 in Dodging
  1066 | D        | Reached XP level 9. HP: 85/89 MP: 8/8
  1153 | D        | Noticed a bog body
  1157 | D        | Reached skill level 16 in Staves
  1158 | D        | Killed a bog body
  1158 | D        | Received a gift from Trog
  1159 | D        | Reached skill level 10 in Armour
  1161 | D        | Killed a shadow wraith
  1162 | D        | Reached skill level 17 in Staves
  1297 | D        | Noticed an orc high priest
  1297 | D        | Noticed an orc sorcerer
  1306 | D        | Noticed a smoke demon
  1306 | D        | Noticed a hellwing
  1312 | D        | Killed an orc sorcerer
  1313 | D        | Reached XP level 10. HP: 101/101 MP: 9/9
  1324 | D        | Killed an orc high priest
  1325 | D        | Reached skill level 18 in Staves
  1327 | D        | Received a gift from Trog
  1344 | D        | Received a gift from Trog
  1738 | D        | Noticed a deep troll
  1738 | D        | Noticed an orc sorcerer
  1742 | D        | Killed an orc sorcerer
  1743 | D        | Reached skill level 15 in Fighting
  1743 | D        | Reached skill level 19 in Staves
  1747 | D        | Killed a deep troll
  1850 | D        | Noticed an eye of devastation
  1858 | D        | Killed an eye of devastation
  1858 | D        | Identified the +4 rapier of the Firefly {flame, rPois rF+
                  | rN+ Dex+3} (Trog gifted it to you in the Dungeon)
  1858 | D        | Received a gift from Trog
  1859 | D        | Reached XP level 11. HP: 114/114 MP: 0/10
  1867 | D        | Killed a ghost moth
  1989 | D        | Noticed Grinder
  1989 | D        | Noticed Grum
  2008 | D        | Reached skill level 20 in Staves
  2011 | D        | Received a gift from Trog
  2025 | D        | Killed Grinder
  2026 | D        | Reached skill level 15 in Armour
  2030 | D        | Killed Grum
  2030 | D        | Received a gift from Trog
  2031 | D        | Noticed an emperor scorpion
  2040 | D        | Noticed Erolcha
  2047 | D        | Killed an emperor scorpion
  2057 | D        | Killed Erolcha
  2507 | D        | Noticed an orc sorcerer
  2510 | D        | Received a gift from Trog
  2513 | D        | Killed an orc sorcerer
  2674 | D        | Received a gift from Trog
  2676 | D        | Reached skill level 21 in Staves
  2833 | D        | Noticed a nagaraja
  2842 | D        | Reached XP level 12. HP: 116/130 MP: 11/11
  2850 | D        | HP: 4/130 [nagaraja/+0 flail (6)]
  2850 | D        | Constricted to death by a nagaraja

Illustrated notes

Levels and vault maps discovered:
D:        pitsprint [storerooms_1, entrance_room_1, metal_vault_2, armoury_2,
          mini_pit_1, grid_room_1, main_hall_1, silver_pit, the_coven_3,
          the_vestibule_1, steel_vault_4, golden_pit, hallway_of_sentries,
          crystal_vault_2, iron_vault_1, final_vault]

Skill      XL: |  1  2  3  4  5  6  7  8  9 10 11 |
---------------+----------------------------------+-----
Staves         | 4 7 8 10 11 13 15 17 19 21 | 21.1
Armour         | 1 2 3 4 5 7 9 11 13 17 | 17.3
Dodging        | 4 6 7 8 9 10 11 | 11.7
Fighting       | 4 5 6 7 9 11 13 15 19 | 19.5
Throwing       | 3 4 |  4.9
Stealth        | 1 2 3 4 |  4.5

Action                     |  1- 3 |  4- 6 |  7- 9 | 10-12 || total
---------------------------+-------+-------+-------+-------++-------
  Melee: Quarterstaff      |    15 |    58 |    58 |    28 ||   159
         Headbutt          |     2 |    10 |     6 |    24 ||    42
         Lajatang          |       |       |       |    88 ||    88
  Throw: Throwing net      |       |     2 |       |       ||     2
 Invoke: Berserk           |     1 |     1 |     6 |     5 ||    13
         Trog's Hand       |       |     1 |       |     1 ||     2
         Brothers in Arms  |       |       |       |     1 ||     1
    Use: Potion            |       |     5 |       |     4 ||     9
         Scroll            |       |       |       |     2 ||     2
   Stab: Held in net/web   |       |     1 |       |       ||     1
 Armour: Leather armour    |     4 |       |       |       ||     4
         Chain mail        |       |    40 |     7 |       ||    47
         Plate armour      |       |       |    26 |   176 ||   202
  Dodge: Dodged            |    13 |    22 |    30 |   126 ||   191
